3AA
BELVEDERE PARK RAWHIDES @ AKRON BLIMPS
09/16/2038
 
TOP OF THE 1ST
Belvedere Park Rawhides batting - Pitching for Akron Blimps : RHP Dave Berry
Pitching: RHP Dave Berry
Batting: RHB Enrique De La Rosa 0-0: Called Strike
0-1: Swinging Strike
0-2: Ball
1-2: Foul Ball, location: 2F
1-2: Ball
2-2: Foul Ball, location: 2F
2-2: Ball
3-2: Foul Ball, location: 2F
3-2: Ground out 4-3 (Groundball, 4, EV 107.5 MPH)
Batting: RHB Jun-soo Yi 0-0: Ball
1-0: Foul Ball, location: 2F
1-1: Ball
2-1: Swinging Strike
2-2: Foul Ball, location: 2F
2-2: Ball
3-2: Ground out 6-3 (Groundball, 6, EV 83.1 MPH)
Batting: SHB Yeow-whye Zhu 0-0: Called Strike
0-1: Ball
1-1: Foul Ball, location: 2F
1-2: Foul Ball, location: 2F
1-2: Ball
2-2: Ball
3-2: Base on Balls
Batting: RHB Edgar Wright 0-0: Called Strike
0-1: Swinging Strike
0-2: Ball
1-2: Foul Ball, location: 2F
1-2: Ball
2-2: SINGLE (Groundball, 3D, EV 103.1 MPH)
Yeow-whye Zhu to second
Runner from 2nd tries for 3rd, SAFE, no throw by RF
Batting: RHB Li-ren Ku 0-0: Swinging Strike
0-1: Called Strike
0-2: Ball
1-2: Strikes out swinging
Top of the 1st over - 0 runs, 1 hit, 0 errors, 2 left on base; Belvedere Park 0 - Akron 0
BOTTOM OF THE 1ST
Akron Blimps batting - Pitching for Belvedere Park Rawhides : RHP Jesús Bruno
Pitching: RHP Jesús Bruno
Batting: RHB Ernest Franks 0-0: Ball
1-0: Called Strike
1-1: Ball
2-1: Foul Ball, location: 2F
2-2: SINGLE (Groundball, 56D, EV 95.6 MPH)
Batting: RHB Tom Camden 0-0: Ball
1-0: Ball
2-0: Ball
3-0: Base on Balls
Ernest Franks to second
Batting: LHB Danny Rodríguez 0-0: Fielders Choice at 2nd, 3-6 (Groundball, 34S, EV 82.5 MPH)
Ernest Franks to third
Batting: SHB Jhett Larson 0-0: Called Strike
0-1: Ball
1-1: Swinging Strike
1-2: Ball
Danny Rodríguez is caught stealing 2nd base 2-6
2-2: Foul Ball, location: 2F
2-2: Ball
3-2: Ground out U3 (Groundball, 34, EV 105.0 MPH)
Bottom of the 1st over - 0 runs, 1 hit, 0 errors, 1 left on base; Belvedere Park 0 - Akron 0
TOP OF THE 2ND
Belvedere Park Rawhides batting - Pitching for Akron Blimps : RHP Dave Berry
Batting: LHB Abraham Ruenuitz 0-0: Called Strike
0-1: Ball
1-1: Swinging Strike
1-2: Foul Ball, location: 2F
1-2: Ball
2-2: SINGLE (Line Drive, 89M, EV 98.1 MPH)
Batting: RHB Tony Randolph 0-0: Called Strike
0-1: Ball
1-1: Ball
2-1: Swinging Strike
2-2: Ball
3-2: Foul Ball, location: 2F
3-2: Base on Balls
Abraham Ruenuitz to second
Batting: RHB Cristóbal Arteaga 0-0: Swinging Strike
0-1: Foul Ball, location: 2F
0-2: Ball
1-2: Fly out, F9 (Flyball, 89M, EV 90.0 MPH)
Batting: RHB Colt Allen 0-0: Ball
1-0: Ball
2-0: Called Strike
2-1: Grounds into double play, 5-4-3 (Groundball, 5, EV 82.5 MPH)
Top of the 2nd over - 0 runs, 1 hit, 0 errors, 1 left on base; Belvedere Park 0 - Akron 0
BOTTOM OF THE 2ND
Akron Blimps batting - Pitching for Belvedere Park Rawhides : RHP Jesús Bruno
Batting: RHB Paul Bader 0-0: Ball
1-0: Called Strike
1-1: Ball
2-1: SINGLE (Line Drive, 4D, EV 103.1 MPH)
Batting: RHB Garrett Crocker 0-0: Foul Ball, location: 2F
0-1: Foul Ball, location: 2F
0-2: Ball
1-2: Strikes out swinging
Batting: RHB Roberto Ramos 0-0: Ball
1-0: Called Strike
1-1: Foul Ball, location: 2F
1-2: Ball
2-2: DOUBLE (Line Drive, 3D, EV 96.9 MPH)
Paul Bader to third
Batting: LHB Walter Butler 0-0: Ground out 6-3 (Groundball, 6, EV 77.5 MPH)
Paul Bader scores
Roberto Ramos to third
Batting: SHB Donnie Magee 0-0: SINGLE (Line Drive, 4D, EV 99.4 MPH)
Roberto Ramos scores
Batting: RHB Ernest Franks 0-0: Fielders Choice at 2nd, 6-4 (Groundball, 6, EV 83.8 MPH)
Bottom of the 2nd over - 2 runs, 3 hits, 0 errors, 1 left on base; Belvedere Park 0 - Akron 2
TOP OF THE 3RD
Belvedere Park Rawhides batting - Pitching for Akron Blimps : RHP Dave Berry
Batting: RHB Enrique De La Rosa 0-0: TRIPLE (Flyball, 9LD, EV 96.2 MPH)
Batting: RHB Jun-soo Yi 0-0: Fly out, F5 (Line Drive, 5, EV 70.6 MPH)
Batting: SHB Yeow-whye Zhu 0-0: Called Strike
0-1: Foul Ball, location: 2F
0-2: Ball
1-2: Ball
2-2: Fly out, F7 (Flyball, 7LSF, EV 91.2 MPH)
Runner from 3rd tags up, SCORES, no throw by LF
Batting: RHB Edgar Wright 0-0: Called Strike
0-1: Fly out, F8 (Flyball, 8LD, EV 100.6 MPH)
Top of the 3rd over - 1 run, 1 hit, 0 errors, 0 left on base; Belvedere Park 1 - Akron 2
BOTTOM OF THE 3RD
Akron Blimps batting - Pitching for Belvedere Park Rawhides : RHP Jesús Bruno
Batting: RHB Tom Camden 0-0: Ball
1-0: Ball
2-0: Foul Ball, location: 2F
2-1: Fly out, F4 (Popup, 34, EV 61.9 MPH)
Batting: LHB Danny Rodríguez 0-0: Ball
1-0: Foul Ball, location: 2F
1-1: Called Strike
1-2: Fly out, F7 (Flyball, 7, EV 80.0 MPH)
Batting: SHB Jhett Larson 0-0: Called Strike
0-1: SINGLE (Line Drive, 3D, EV 96.9 MPH)
Batting: RHB Paul Bader 0-0: Ball
1-0: Called Strike
1-1: Ball
2-1: Called Strike
2-2: Fly out, F6 (Popup, 6MS, EV 83.8 MPH)
Bottom of the 3rd over - 0 runs, 1 hit, 0 errors, 1 left on base; Belvedere Park 1 - Akron 2
TOP OF THE 4TH
Belvedere Park Rawhides batting - Pitching for Akron Blimps : RHP Dave Berry
Batting: RHB Li-ren Ku 0-0: Called Strike
0-1: Called Strike
0-2: Strikes out looking
Batting: LHB Abraham Ruenuitz 0-0: Foul Ball, location: 2F
0-1: Swinging Strike
0-2: Ball
1-2: Ground out 1-3 (Groundball, 15S, EV 75.0 MPH)
Batting: RHB Tony Randolph 0-0: Called Strike
0-1: Ball
1-1: Swinging Strike
1-2: Fly out, F8 (Flyball, 78XD, EV 109.4 MPH)
Top of the 4th over - 0 runs, 0 hits, 0 errors, 0 left on base; Belvedere Park 1 - Akron 2
BOTTOM OF THE 4TH
Akron Blimps batting - Pitching for Belvedere Park Rawhides : RHP Jesús Bruno
Batting: RHB Garrett Crocker 0-0: Ball
1-0: Called Strike
1-1: Ball
2-1: Ball
3-1: Base on Balls
Batting: RHB Roberto Ramos 0-0: Ball
1-0: Foul Ball, location: 2F
1-1: Ball
2-1: Grounds into double play, 5-4-3 (Groundball, 56, EV 95.6 MPH)
Batting: LHB Walter Butler 0-0: Ball
1-0: Ball
2-0: Called Strike
2-1: Ball
3-1: Foul Ball, location: 2F
3-2: Base on Balls
Batting: SHB Donnie Magee 0-0: Swinging Strike
0-1: Ball
1-1: Ball
2-1: Ball
3-1: Foul Ball, location: 2F
3-2: Strikes out swinging
Bottom of the 4th over - 0 runs, 0 hits, 0 errors, 1 left on base; Belvedere Park 1 - Akron 2
TOP OF THE 5TH
Belvedere Park Rawhides batting - Pitching for Akron Blimps : RHP Dave Berry
Batting: RHB Cristóbal Arteaga 0-0: Called Strike
0-1: Swinging Strike
0-2: Ball
1-2: Ball
2-2: SINGLE (Groundball, 56D, EV 95.0 MPH)
Batting: RHB Colt Allen 0-0: Ball
1-0: Ball
2-0: Bunted foul
2-1: Sac Bunt to 5S - play at first, batter OUT! 5-4
Cristóbal Arteaga to second
Batting: RHB Enrique De La Rosa 0-0: Called Strike
0-1: Ball
1-1: Foul Ball, location: 2F
1-2: Strikes out swinging
Batting: RHB Jun-soo Yi 0-0: SINGLE (Line Drive, 9S, EV 91.2 MPH)
Cristóbal Arteaga to third
Batting: SHB Yeow-whye Zhu 0-0: Called Strike
0-1: Ball
1-1: Ball
2-1: Ball
3-1: Fly out, F7 (Flyball, 7, EV 81.9 MPH)
Top of the 5th over - 0 runs, 2 hits, 0 errors, 2 left on base; Belvedere Park 1 - Akron 2
BOTTOM OF THE 5TH
Akron Blimps batting - Pitching for Belvedere Park Rawhides : RHP Jesús Bruno
Batting: RHB Ernest Franks 0-0: Ball
1-0: Ball
2-0: Ball
3-0: Base on Balls
Batting: RHB Tom Camden 0-0: Ball
1-0: Ball
2-0: Ball
3-0: Called Strike
3-1: Sac Bunt to 25 - play at first, batter OUT! 5-4
Ernest Franks to second
Batting: LHB Danny Rodríguez 0-0: Fly out, F5 (Popup, 56S, EV 80.0 MPH)
Batting: SHB Jhett Larson 0-0: Ground out 4-3 (Groundball, 4, EV 81.2 MPH)
Bottom of the 5th over - 0 runs, 0 hits, 0 errors, 1 left on base; Belvedere Park 1 - Akron 2
TOP OF THE 6TH
Belvedere Park Rawhides batting - Pitching for Akron Blimps : RHP Dave Berry
Pitching: RHP Bligh Madris
Batting: RHB Edgar Wright 0-0: Fly out, F6 (Popup, 6M, EV 71.2 MPH)
Batting: RHB Li-ren Ku 0-0: Ball
1-0: Called Strike
1-1: Ball
2-1: Ball
3-1: Fly out, F3 (Popup, 23F, EV 86.9 MPH)
Batting: LHB Abraham Ruenuitz 0-0: Ball
1-0: Swinging Strike
1-1: Ball
2-1: Ball
3-1: Called Strike
3-2: Base on Balls
Batting: RHB Tony Randolph 0-0: Called Strike
0-1: Fly out, F4 (Popup, 34D, EV 45.0 MPH)
Top of the 6th over - 0 runs, 0 hits, 0 errors, 1 left on base; Belvedere Park 1 - Akron 2
BOTTOM OF THE 6TH
Akron Blimps batting - Pitching for Belvedere Park Rawhides : RHP Jesús Bruno
Batting: RHB Paul Bader 0-0: Ball
1-0: Called Strike
1-1: Ball
2-1: Fly out, F8 (Line Drive, 8RD, EV 90.6 MPH)
Batting: RHB Garrett Crocker 0-0: Called Strike
0-1: Ball
1-1: Ball
2-1: SINGLE (Line Drive, 4D, EV 96.9 MPH)
Batting: RHB Roberto Ramos 0-0: Swinging Strike
0-1: Foul Ball, location: 2F
0-2: Ball
Wild Pitch!
Garrett Crocker to second
1-2: Ball
2-2: Ball
3-2: Ground out 5-3 (Groundball, 5S, EV 85.0 MPH)
Pitching: LHP Kenny James
Batting: LHB Walter Butler 0-0: Swinging Strike
0-1: Foul Ball, location: 2F
0-2: Ball
1-2: Foul Ball, location: 2F
1-2: Ball
2-2: Ball
3-2: SINGLE (Groundball, 6MD, EV 100.0 MPH)
Garrett Crocker to third
Garrett Crocker scores
Batting: SHB Donnie Magee 0-0: Fly out, F8 (Flyball, 8RD, EV 85.0 MPH)
Bottom of the 6th over - 1 run, 2 hits, 0 errors, 1 left on base; Belvedere Park 1 - Akron 3
TOP OF THE 7TH
Belvedere Park Rawhides batting - Pitching for Akron Blimps : RHP Bligh Madris
Batting: RHB Cristóbal Arteaga 0-0: Ball
1-0: Called Strike
1-1: Foul Ball, location: 2F
1-2: SINGLE (Line Drive, 9LM, EV 105.6 MPH)
Batting: RHB Colt Allen 0-0: Foul Ball, location: 2F
0-1: Ball
1-1: Ball
2-1: Single, Error in OF, E7, batter to second base (Groundball, 56D, EV 110.0 MPH)
Cristóbal Arteaga to third
Pinch Hitting: LHB Alec Hall 0-0: SINGLE (Groundball, 34D, EV 103.1 MPH)
Cristóbal Arteaga scores
Colt Allen to third
Batting: RHB Jun-soo Yi 0-0: Foul Ball, location: 2F
0-1: DOUBLE (Line Drive, 7LS, EV 101.2 MPH)
Colt Allen scores
Alec Hall to third
Pitching: RHP Rod Shannon
Batting: SHB Yeow-whye Zhu 0-0: Ball
1-0: Foul Ball, location: 2F
1-1: Swinging Strike
1-2: Fly out, F9 (Line Drive, 9S, EV 90.6 MPH)
Batting: RHB Edgar Wright 0-0: Intentional Walk
Batting: RHB Li-ren Ku 0-0: Called Strike
0-1: Foul Ball, location: 2F
0-2: SINGLE (Groundball, 6MD, EV 105.6 MPH)
Alec Hall scores
Jun-soo Yi to third
Edgar Wright to second
Runner from 3rd tries for Home, SAFE, no throw by CF
Batting: LHB Abraham Ruenuitz 0-0: Swinging Strike
0-1: Called Strike
0-2: Strikes out swinging
Batting: RHB Tony Randolph 0-0: Called Strike
0-1: Ball
1-1: Ball
2-1: Fly out, F7 (Flyball, 7S, EV 86.2 MPH)
Top of the 7th over - 4 runs, 5 hits, 1 error, 2 left on base; Belvedere Park 5 - Akron 3
BOTTOM OF THE 7TH
Akron Blimps batting - Pitching for Belvedere Park Rawhides : LHP Kenny James
Now in LF: Duane Davis
Batting: RHB Ernest Franks 0-0: Ball
1-0: SINGLE (Line Drive, 8RS, EV 106.2 MPH)
Batting: RHB Tom Camden 0-0: Ball
1-0: Ball
2-0: Bunt missed!
2-1: Sac Bunt to 15S - play at first, batter OUT! 1-4
Ernest Franks to second
Batting: LHB Danny Rodríguez 0-0: Called Strike
0-1: Ground out 4-3 (Groundball, 4M, EV 81.2 MPH)
Ernest Franks to third
Batting: SHB Jhett Larson 0-0: Ground out 6-3 (Groundball, 4MD, EV 100.0 MPH)
Bottom of the 7th over - 0 runs, 1 hit, 0 errors, 1 left on base; Belvedere Park 5 - Akron 3
TOP OF THE 8TH
Belvedere Park Rawhides batting - Pitching for Akron Blimps : RHP Rod Shannon
Batting: RHB Cristóbal Arteaga 0-0: SINGLE (Line Drive, 8RS, EV 100.6 MPH)
Batting: RHB Colt Allen 0-0: Fly out, F8 (Flyball, 89M, EV 86.2 MPH)
Batting: RHB Duane Davis 0-0: Ball
1-0: Called Strike
1-1: Ball
2-1: Foul Ball, location: 2F
2-2: Foul Ball, location: 2F
2-2: Strikes out swinging
Batting: RHB Jun-soo Yi Pickoff Throw to First - Out! 1-3
Top of the 8th over - 0 runs, 1 hit, 0 errors, 0 left on base; Belvedere Park 5 - Akron 3
BOTTOM OF THE 8TH
Akron Blimps batting - Pitching for Belvedere Park Rawhides : LHP Kenny James
Batting: RHB Paul Bader 0-0: Ball
1-0: SINGLE (Groundball, 6D, EV 107.5 MPH)
Batting: RHB Garrett Crocker 0-0: Called Strike
0-1: Called Strike
0-2: Foul Ball, location: 2F
0-2: Ground out U3 (Groundball, 34, EV 103.8 MPH)
Paul Bader to second
Batting: RHB Roberto Ramos 0-0: Ball
1-0: Called Strike
1-1: Swinging Strike
1-2: Foul Ball, location: 2F
1-2: Ball
2-2: Foul Ball, location: 2F
2-2: Strikes out looking
Batting: LHB Walter Butler 0-0: Called Strike
0-1: Swinging Strike
0-2: Strikes out swinging
Bottom of the 8th over - 0 runs, 1 hit, 0 errors, 1 left on base; Belvedere Park 5 - Akron 3
TOP OF THE 9TH
Belvedere Park Rawhides batting - Pitching for Akron Blimps : RHP Rod Shannon
Batting: RHB Jun-soo Yi 0-0: Ball
1-0: SINGLE (Groundball, 4D, EV 108.1 MPH)
Batting: SHB Yeow-whye Zhu 0-0: Called Strike
0-1: Ball
1-1: Swinging Strike
1-2: Ball
2-2: Fielders Choice at 2nd, 4-6 (Groundball, 4, EV 90.6 MPH)
Pitching: LHP Tony Rocha
Batting: RHB Edgar Wright 0-0: Grounds into double play, 6-4-3 (Groundball, 6, EV 86.9 MPH)
Top of the 9th over - 0 runs, 1 hit, 0 errors, 0 left on base; Belvedere Park 5 - Akron 3
BOTTOM OF THE 9TH
Akron Blimps batting - Pitching for Belvedere Park Rawhides : LHP Kenny James
Pitching: RHP Pierre Delecto
Batting: SHB Donnie Magee 0-0: Ball
1-0: Ground out 6-3 (Groundball, 6S, EV 85.0 MPH)
Batting: RHB Ernest Franks 0-0: Foul Ball, location: 2F
0-1: Ball
1-1: Ball
2-1: Ground out 6-3 (Groundball, 6, EV 80.0 MPH)
Batting: RHB Tom Camden 0-0: Called Strike
0-1: Ball
1-1: SINGLE (Groundball, 56D, EV 96.9 MPH)
Batting: LHB Danny Rodríguez 0-0: Ball
1-0: Ball
2-0: Ball
3-0: Called Strike
3-1: Fly out, F5 (Popup, 5S, EV 80.0 MPH)
Bottom of the 9th over - 0 runs, 1 hit, 0 errors, 1 left on base; Belvedere Park 5 - Akron 3
Friday, April 17th, 2020 - OOTP Baseball 20.8 Build 74